woodfighter, chaotic female giant Ranger ----------------------------------------------- -----------------------------|.|.......|........................`....|.....| |...|................^......||.|................................`....|..>..| |.|.-------.---.---.-.-----.||.........|.....``...--.```---.--..`.`--|.....| |^..........|.|...|.|....)..||.|------......`.........`....^.|.......|..(..| |.-----------.---.|.|.-----....|.......-..............|......-......^-.....| |@..|...........|`|.|^....|..|.|.......`......-----.--`......|.......|.....| |-&.|.---.-----.|.|----.|%|.||)(.---.-``.......).).*)..``-----.."..--------| |...|.|.|...|...|.|...|.|...||.........`....^-..)[.).``.....|......|.......| |.--.........----.|...---.|.||.|.....[.........)[(..%%`^....-..............| |...|.....|...|..`..|.....|.|-.-----.-.-.....------.--.%.....`.....|..`....| |.|.--.--.|-....---.--..-----...............+^........|-.--````....|--.``--| |.|...|.|.|.|.|.|........`|...*.%........%..|.-.-.---.|.|..|(.`%...........| |.|--.|.|.|.|.|..--------.|.|%%%................%%.%| .....(..-.%.)|.......| |.|...|.|...|.|...........|..-.------.-.....|.)*%%[.| ..|||..|....|---.``-| |.|.--|.---.|.|.--.-------|.||.|............|.%%....|----------....|..`....| |.|...|.....|...|......%..|.||.|......+.....-.%)%%.%.......................| |.---.-----------.-------.|.||.|.._...|.....|..%[(*)|..............|.......| |...|.......%......*....|...||%|......|.....|.%%..%%|..............|.......| ---------------------------------------------------------------------------- woodfighter the Ranger Experience level: 23 Strength: 24 Dexterity: 19 Constitution: 19 Intelligence: 15 Wisdom: 15 Charisma: 6 Health: 179(179) Energy: 105(105) Def: 39 Gold: 0 Moves: 59062 Dungeon seed [set]: Game ID: woodfighter_1678205021 Your Inventory: Amulets l - an uncursed amulet of flying (being worn) o - an uncursed amulet of life saving Weapons a - the blessed +7 Longbow of Diana (weapon in hand) G - 54 blessed +7 silver arrows (in quiver) M - 99 blessed +6 arrows Armor r - an uncursed burnt +1 elven cloak (being worn) v - an uncursed thoroughly burnt +7 elven shield (being worn) E - a cursed +0 pair of leather gloves N - a blessed rusty +5 dented pot (being worn) V - a blessed fireproof +4 pair of speed boots (being worn) Comestibles i - 6 uncursed food rations Rings D - a blessed +2 ring of increase damage (on left hand) Z - an uncursed ring of free action (on right hand) Wands c - an uncursed wand of polymorph (0:8) d - an uncursed wand of fire (0:1) f - an uncursed wand of digging (0:5) g - an uncursed wand of teleportation (0:6) h - an uncursed wand of cancellation (0:8) j - an uncursed wand of fire (0:6) u - an uncursed wand of make invisible (0:6) U - an uncursed wand of magic missile (0:5) Tools b - an uncursed stethoscope q - an uncursed -3 unicorn horn s - a blessed bag of holding t - an uncursed +0 pick-axe y - the blessed Master Key of Thievery J - a blessed magic lamp (lit) W - an uncursed towel Gems z - an uncursed ruby F - a blessed luckstone Boulders/Statues e - an uncursed boulder n - an uncursed boulder B - an uncursed boulder H - an uncursed boulder Y - an uncursed boulder Contents of the bag of holding: 3095 gold pieces 126 blessed +6 arrows a blessed +2 elven bow a blessed +0 silver arrow an uncursed +0 silver arrow an uncursed [+0] mummy wrapping an uncursed [+0] set of red dragon scales 2 uncursed cram rations a cursed scroll of create monster a [blessed] scroll of create monster an uncursed scroll of earth an uncursed scroll of enchant weapon a [cursed] scroll of gold detection a cursed scroll of identify an uncursed scroll of wishing a [cursed] potion of extra healing an uncursed potion of fruit juice an uncursed potion of gain ability an uncursed potion of gain energy 5 potions of holy water an uncursed potion of paralysis 2 uncursed potions of speed an uncursed potion of water an uncursed ring of cold resistance an uncursed ring of conflict a cursed [-4] ring of increase accuracy an uncursed ring of invisibility an uncursed ring of levitation a [cursed] [-1] ring of protection an uncursed ring of regeneration a [uncursed] ring of searching a [uncursed] ring of see invisible a [uncursed] ring of shock resistance a blessed [+4] ring of stealth a [uncursed] [+1] ring of stealth a [cursed] [-2] ring of stealth an uncursed wand of cancellation (0:0) an uncursed wand of create monster [0:14] an uncursed wand of fire [0:6] an uncursed wand of light [0:15] an uncursed wand of magic missile [0:4] a cursed wand of make invisible [0:5] an uncursed wand of polymorph [0:4] an uncursed wand of polymorph [0:5] an uncursed wand of sleep [0:4] an uncursed magic lamp a [uncursed] magic lamp an uncursed magic marker (0:22) an uncursed [+0] unicorn horn Spells and supernatural/magical abilities: Name Level Category Fail Memory a - detect monsters 1* divination 100% 0% b - light 1* divination 100% 0% c - cure sickness 3 healing 100% 6% W - pray for help -- divine ? -- Your skills at the end: Miscellaneous Skills shield [Skilled] wands [Basic] Weapon Skills two-handed sword [Basic] bow [Expert] sling [Basic] Spellcasting Skills Final Attributes: You were piously aligned. You were fire resistant. You were cold resistant. You were sleep resistant. You were disintegration-resistant. You were shock resistant. You were poison resistant. You saw invisible. You were telepathic. You were warned. You had automatic searching. You had infravision. You were stealthy. You had teleport control. You could fly. You had a +2 damage bonus. You were protected. You were very fast. You had reflection. You had free action. You were extremely lucky. You had extra luck. Good luck did not time out for you. You are dead. Vanquished creatures: Baalzebub Juiblex Medusa Croesus 2 iron golems 3 red dragons an orange dragon a black dragon 2 blue dragons a green dragon 8 storm giants a titan 2 glass golems 33 purple worms 49 minotaurs 3 jabberwocks Scorpius 2 titanotheres 3 young silver dragons a young red dragon 3 young white dragons a young orange dragon 4 young blue dragons a young green dragon 2 young yellow dragons a demilich 38 master mind flayers an Olog-hai 2 Nazgul 6 pit fiends a trapper a baby gray dragon a baby yellow dragon a gryphon 3 guardian nagas 2 dire bears 24 vampire lords 6 shades 5 skeletons 38 captains 3 liches 2 clay golems 7 nurses 9 ice devils 4 lurkers above a frost giant 2 golden nagas 3 black puddings 23 vampires 48 ghosts 3 ettins 4 lieutenants 4 winged gargoyles 20 giant mimics 2 fire giants 3 ogre kings 8 ice trolls 9 rock trolls a grizzly bear 4 umber hulks 3 flesh golems 3 doppelgangers 8 hezrous 19 bone devils a salamander 9 large mimics 7 wumpuses a fire vortex 10 long worms 2 couatls 5 stalkers 2 fire elementals an earth elemental 3 water elementals 5 hill giants a giant mummy a black naga 2 elf-lords 4 xorns 20 giant zombies 13 sergeants 10 vrocks 11 wargs 5 hell hound pups 5 quantum mechanics 26 small mimics 2 island nymphs 3 glass piercers 4 warhorses a steam vortex 6 xans 4 sharks 2 electric eels 4 ogre lords 8 trolls 4 brown bears 2 sasquatches a wood golem 2 werebears 4 mariliths 3 pyrolisks a large dog 5 stinking spheres a freezing sphere 4 flaming spheres 5 shocking spheres 6 large cats 9 tigers 7 gargoyles 2 dwarf kings 6 tengu 8 gelatinous cubes 8 ochre jellies 6 crocodiles 2 chameleons 5 leocrottas an energy vortex 28 mountain centaurs 9 giants 2 human mummies 5 red nagas a green slime 12 Grey-elves 3 cobras 4 black bears 72 wraiths 19 ettin zombies 2 leather golems 120 soldiers 5 succubi 4 incubi 8 giant beetles 55 cockatrices 13 wolves 3 winter wolf cubs 9 black lights 4 lynxes 2 panthers 4 gremlins 6 leprechauns 5 quivering blobs 2 spotted jellies 12 lizards 7 mountain nymphs 3 orc-captains 2 mumakil 9 giant spiders 33 scorpions 7 iron piercers 5 horses 2 ice vortices 5 vampire bats 51 forest centaurs 6 gnome kings 10 piranhas 7 giant eels 2 orc mummies 4 dwarf mummies 3 ogres 4 brown puddings 7 Green-elves 4 rust monsters 6 owlbears 5 yetis 4 gold golems a werewolf 8 hunters 5 chickatrices a dog a dingo 3 housecats 6 jaguars 7 dwarf lords 5 blue jellies 5 water nymphs 3 white unicorns 4 gray unicorns 4 dust vortices 6 ravens 10 plains centaurs 4 gnome mummies 5 Woodland-elves 22 pit vipers 3 apes 30 human zombies 8 rope golems 22 soldier ants 3 fire ants 9 yellow lights 11 bugbears an imp 8 wood nymphs 3 Mordor orcs an Uruk-hai 8 rock moles 7 rock piercers 3 ponies 6 fog clouds 5 shriekers 3 violet fungi 16 gnome lords 10 gnomish wizards 7 jellyfish 5 kobold mummies a black naga hatchling 2 golden naga hatchlings 7 gray oozes 27 elf zombies 24 ghouls 2 straw golems 3 paper golems 5 giant ants 2 puppies 8 floating eyes 3 kittens 23 dwarves 3 kobold lords 5 iguanas 3 hill orcs 11 rothes 2 rabid rats 3 centipedes 9 jitterbugs 10 giant bats 6 monkeys 21 orc zombies 28 dwarf zombies a werejackal 21 killer bees a gas spore 10 hobbits 7 acid blobs 3 large kobolds 12 geckos 5 hobgoblins 7 giant rats 13 cave spiders 6 brown molds 4 yellow molds 4 green molds 2 red molds 54 gnomes 7 garter snakes 9 manes 24 gnome zombies 11 jackals 3 foxes 3 kobolds 20 newts 4 goblins 12 sewer rats 9 grid bugs 5 bats 15 lichens 33 kobold zombies 2098 creatures vanquished. Genocided or extinct species: chickatrices cockatrices pyrolisks hobbits dwarves bugbears dwarf lords dwarf kings quantum mechanics mind flayers master mind flayers wood nymphs water nymphs mountain nymphs island nymphs liches demiliches master liches arch-liches rust monsters disenchanters soldiers (extinct) 21 species genocided. 1 species extinct. Voluntary challenges: You had followed a strict vegan diet until turn 1859. You had followed a strict vegetarian diet until turn 1859. You did not cause conflict. You were not displaced. You had been an atheist until turn 5661. You donated to temples 6 times (receiving 8 points of protection), starting on turn 30300. You received temple protection 6 times, starting on turn 30300. You never hit with a wielded weapon. You did not use plumbed fixtures. You read items or engraved 63 times, starting on turn 2597. You genocided 21 types of monsters, starting on turn 51122. You never polymorphed an object. You changed form 2 times, starting on turn 41343. You cheated 1 time but completed Sokoban on turn 11740. You used 3 wishes, starting on turn 48338. You wished for your your first artifact on turn 48338. You carried an artifact on turn 32670. You never split a pudding. You never wrote Elbereth's name. You violated your moral code, losing 8 points of alignment, starting on turn 24554. You enabled loading special bones files. Dungeon overview: The Dungeons of Doom: levels 1 to 30 Level 1 (water) some fountains a long staircase Level 2 (water) a sink stairs to The Gnomish Mines Level 3 (box) an empty vault, a sink Level 4 (vault + box) a vault Level 5 Level 6 many fountains Level 7 an altar to Venus stairs to Sokoban Level 8 (box) Level 9 (water) a fountain, a bench Level 10 an altar to Mars, some fountains Level 11 a fountain Level 12 (quest entrance) a temple to Mercury, some fountains, a sink portal to The Quest Level 13 a general store, some fountains, a sink Level 14 (box) an empty vault Level 15 a vault, a fountain portal to Fort Ludios Level 16 (vault?) a scroll shop, some fountains Level 17 (rogue) Level 18 a sink Level 19 a vault, an altar to Mars, a bench Level 20 an empty vault, a fountain Level 21 a wand shop, a fountain Level 22 Level 23 a temple to Mercury, a fountain Level 24 Level 25 Level 26 Level 27 Level 28 Level 29 a fountain Level 30 a magic chest, a fountain Gehennom: levels 31 to 41 Level 31 a temple to Moloch, a magic chest stairs to The Dungeons of Doom Level 32 Level 33 Level 34 many shops, a temple to Moloch, a magic chest, some fountains, a sink, a throne, many trees Level 35 (Baalzebub) a magic chest Level 36 Level 37 Level 38 Level 39 (Juiblex) a fountain Level 40 Level 41 (Orcus) <- You were here some shops, an altar to Moloch, a magic chest The Gnomish Mines: levels 3 to 10 Level 3 stairs to The Dungeons of Doom Level 4 Level 5 (unicorn) Level 6 many shops, a temple to Venus, a magic chest, some trees Level 7 (box) Level 8 Level 9 Level 10 The Quest: levels 1 to 6 Level 1 a magic chest, many trees portal to The Dungeons of Doom Level 2 many trees Level 3 Level 4 Level 5 Level 6 an altar to Mercury, many trees Sokoban: levels 3 to 6 Level 3 a magic chest Level 4 Level 5 a fountain Level 6 (bell under boulder) an altar to Venus, a magic chest stairs to The Dungeons of Doom Fort Ludios: Level 1 a magic chest, a bench, a throne portal to The Dungeons of Doom History has recorded: On T:1 you entered the Dungeons of Doom to retrieve the Amulet of Yendor! On T:712 you reached level 2 of The Dungeons of Doom. On T:1222 you advanced to experience level 2. On T:1429 you reached level 3 of The Dungeons of Doom. On T:1656 you reached level 1 of The Gnomish Mines. On T:1913 you advanced to experience level 3. On T:1997 you reached level 4 of The Dungeons of Doom. On T:3087 you reached level 5 of The Dungeons of Doom. On T:3326 you advanced to experience level 4. On T:3879 you advanced to experience level 5. On T:5109 you reached level 7 of The Dungeons of Doom. On T:5228 you advanced to experience level 6. On T:5331 you reached level 4 of Sokoban. On T:5656 you opened a magic chest. On T:6553 you reached level 3 of Sokoban. On T:8145 you reached level 2 of Sokoban. On T:8489 you advanced to experience level 7. On T:9177 you reached level 1 of Sokoban. On T:11740 you entered the Sokoban zoo. On T:13348 you reached level 2 of The Gnomish Mines. On T:13431 you advanced to experience level 8. On T:13674 you reached level 3 of The Gnomish Mines. On T:17557 you reached level 4 of The Gnomish Mines. On T:17935 you reached level 5 of The Gnomish Mines. On T:18821 you entered the Minetown temple On T:20035 you reached level 6 of The Gnomish Mines. On T:20351 you advanced to experience level 9. On T:20625 you reached level 8 of The Gnomish Mines. On T:20625 you reached the bottom of the Mines. On T:20845 you reached level 7 of The Gnomish Mines. On T:22060 you reached level 8 of The Dungeons of Doom. On T:22722 you reached level 9 of The Dungeons of Doom. On T:22774 you reached level 10 of The Dungeons of Doom. On T:23186 you reached level 11 of The Dungeons of Doom. On T:23606 you reached level 12 of The Dungeons of Doom. On T:24049 you reached level 13 of The Dungeons of Doom. On T:24104 you advanced to experience level 10. On T:24373 you unlocked the gnomish race by travelling via magic portal. On T:24373 you reached level 1 of The Quest. On T:24751 you prayed to Mars. On T:25038 you reached level 14 of The Dungeons of Doom. On T:25957 you prayed to Mars. On T:25960 you unlocked the Healer role by receiving holy water as a result of prayer. On T:28285 you reached level 16 of The Dungeons of Doom. On T:28576 you reached level 15 of The Dungeons of Doom. On T:29500 you advanced to experience level 11. On T:29535 you advanced to experience level 12. On T:29828 you advanced to experience level 13. On T:30446 you advanced to experience level 14. On T:30447 you embarked upon an epic quest. On T:30447 you unlocked a role by qualifying for the Ranger quest. On T:30468 you reached level 2 of The Quest. On T:30892 you reached level 3 of The Quest. On T:31551 you reached level 5 of The Quest. On T:31663 you reached level 6 of The Quest. On T:32663 you killed Scorpius on level 6 of The Quest. On T:32664 you prayed to Mars. On T:32922 you completed the quest! On T:35887 you reached Fort Ludios. On T:35999 you reached level 17 of The Dungeons of Doom. On T:35999 you entered the Rogue tribute level. On T:36023 you reached level 18 of The Dungeons of Doom. On T:36530 you reached level 19 of The Dungeons of Doom. On T:37207 you reached level 20 of The Dungeons of Doom. On T:37538 you reached level 21 of The Dungeons of Doom. On T:38531 you reached level 22 of The Dungeons of Doom. On T:38593 you reached level 23 of The Dungeons of Doom. On T:38597 you advanced to experience level 15. On T:38844 you reached level 24 of The Dungeons of Doom. On T:41344 you prayed to Mars. On T:41412 you reached level 26 of The Dungeons of Doom. On T:42166 you killed Medusa on level 24 of The Dungeons of Doom. On T:42323 you reached level 25 of The Dungeons of Doom. On T:42579 you advanced to experience level 16. On T:43497 you reached level 27 of The Dungeons of Doom. On T:44169 you reached level 28 of The Dungeons of Doom. On T:45003 you reached level 29 of The Dungeons of Doom. On T:45103 you prayed to Mars. On T:45796 you reached The Castle. On T:47116 you killed Croesus in Fort Ludios. On T:47116 you advanced to experience level 17. On T:48338 you wished for "blessed fireproof The Master Key of Thievery". On T:49870 you unlocked the sylph race by playing the passtune. On T:50008 you advanced to experience level 18. On T:51098 you wished for "+3 blessed fixed speed boots". On T:51118 you wished for "3 blessed fixed scrolls of genocide". On T:51126 you reached The Valley of the Dead. On T:51967 you advanced to experience level 19. On T:52180 you unlocked the auto-wear option by descending the stairs in the Valley of the Dead. On T:52180 you reached level 2 of Gehennom. On T:52402 you reached level 3 of Gehennom. On T:52958 you reached level 4 of Gehennom. On T:53263 you reached level 5 of Gehennom. On T:54198 you reached level 6 of Gehennom. On T:54417 you killed Baalzebub on level 4 of Gehennom. On T:55413 you reached level 7 of Gehennom. On T:55616 you advanced to experience level 20. On T:55756 you advanced to experience level 21. On T:57269 you reached level 8 of Gehennom. On T:57598 you advanced to experience level 22. On T:57648 you advanced to experience level 23. On T:57759 you reached level 9 of Gehennom. On T:57986 you killed Juiblex on level 9 of Gehennom. On T:58237 you reached level 10 of Gehennom. On T:58332 you reached level 11 of Gehennom. Score breakdown: Gold: 3095 ( 309 points) Experience: 23 levels ( 2000 points) Exploration: 41 levels ( 1200 points) Discoveries: 190 items ( 2000 points) Variety of kills: 255 monsters ( 2000 points) Major goal: finished the Quest ( 2000 points) Survival: died (score multiplied by 3) Total score: 28527 Latest messages: You shoot 2 silver arrows. The 1st silver arrow hits the jabberwock! You kill the jabberwock! G - a blessed +7 silver arrow (in quiver). G - 2 blessed +7 silver arrows (in quiver). There are a few more objects here. G - 2 blessed +7 silver arrows (in quiver). G - a blessed +7 silver arrow (in quiver). There are a few objects here. Where do you want to travel to? You stop travelling. Orcus casts a spell! You are now wielding your pick-axe. You start digging. You hit the rock with all your might. You make an opening in the wall. You are now wielding your Longbow of Diana. The invisible Orcus zaps a wand of death! The death ray hits you! But it is disrupted by your weapon! The invisible Orcus is caught in the death field! Final status: Goodbye woodfighter the Ranger, killed by a death field... You died in Gehennom on dungeon level 41 with 28527 points, and 3095 pieces of gold, after 59062 moves. You were level 23 with a maximum of 179 hit points when you died.